 Dungeon Crawl Stone Soup version 0.18.1-8-gdd0e5ea (webtiles) character file.

3626 Lul the Skirmisher (level 9, -8/72 HPs)
             Began as a Demonspawn Chaos Knight on June 6, 2016.
             Mangled by an elephant (11 damage)
             ... on level 8 of the Dungeon on June 7, 2016.
             The game lasted 00:44:12 (9715 turns).

Lul the Skirmisher (Demonspawn Chaos Knight)        Turns: 9715, Time: 00:44:12

Health: -8/72      AC: 10    Str: 16    XL:     9   Next: 87%
Magic:  9/9        EV:  7    Int: 17    God:    Xom [.*....]
Gold:   1151       SH: 11    Dex: 13    Spells: 0 memorised, 8 levels left

rFire  . . .     SeeInvis .     a - +1 hand axe (chaos)
rCold  + + .     Gourm    .     b - +0 ice dragon armour
rNeg   . . .     Faith    .     y - +0 large shield
rPois  .         Spirit   .     (helmet restricted)
rElec  .         Dismiss  .     x - +0 cloak
rCorr  .         Reflect  .     (no gloves)
SustAt .         Harm     .     (no boots)
MR     .....     Clarity  +     (no amulet)
Stlth  +.........               (no ring)
                                (no ring)

@: not resistant to hostile enchantments, very unstealthy
A: antennae 2, claws 1, talons 2, thin metallic scales 2, blink, blurry vision
1, clarity, clever 2, deformed body, demonic guardian 1, fire resistance 1,
mutation resistance 1
a: Blink, Renounce Religion


You were on level 8 of the Dungeon.
You worshipped Xom.
You were a plaything of Xom.
You were hungry.

You visited 1 branch of the dungeon, and saw 8 of its levels.

You collected 1151 gold pieces.

Inventory:

Hand Weapons
 a - a +1 hand axe of chaos (weapon)
Armour
 b - a +0 ice dragon armour (worn)
 e - a +1 chain mail
 j - a +0 helmet
 w - a +0 ring mail of magic resistance
 x - a +0 cloak (worn)
 y - a +0 large shield (worn)
Wands
 d - a wand of polymorph (1/24)
 o - a wand of teleportation (6/9)
 s - a wand of random effects (29/48)
 u - a wand of digging (11/24)
Scrolls
 f - a scroll of blinking
 g - 3 scrolls of remove curse
 i - a scroll of noise
 k - a scroll of fear
 l - 3 scrolls of identify {unknown}
 m - a scroll of magic mapping
 p - a scroll of teleportation
Potions
 h - 4 potions of curing
 t - a potion of flight
 A - 4 potions of brilliance
Comestibles
 c - 10 bread rations
 n - 9 fruits
 q - 4 meat rations
 r - a royal jelly
 v - a chunk of flesh


   Skills:
 + Level 7.0 Fighting
 + Level 6.6 Axes
 + Level 5.0 Armour
 + Level 6.8 Dodging
 + Level 5.9 Stealth


You had 8 spell levels left.
You didn't know any spells.

Dungeon Overview and Level Annotations

Branches:
Dungeon (8/15)             Temple (0/1) D:4
   Lair: D:8-11

Altars:
Cheibriados
Makhleb
Pakellas

Shops:
D:4 *   D:8 =


Innate Abilities, Weirdness & Mutations

You have razor-sharp toenails.
You are mostly covered in thin metallic scales (AC +3).
A weak demonic guardian rushes to your aid.
Your flesh is heat resistant.
You have a pair of antennae on your head.
You have sharp fingernails.
You can translocate small distances at will.
Scrolls take you a little longer to read.
You possess an exceptional clarity of mind.
Your mind is very acute. (Int +4)
Armour fits poorly on your strangely shaped body.
You are somewhat resistant to further mutation.


Message History

You hit the elephant but do no damage.
The elephant is almost dead.
Your quasit disappears in a puff of smoke!
The elephant tramples you!
You hold your ground!
You block the elephant's attack.
Your crimson imp blinks!
Unknown command.
You hit the elephant but do no damage.
The elephant is almost dead.
The elephant tramples you!
* * * LOW HITPOINT WARNING * * *
You hold your ground!
The elephant trunk-slaps you but does no damage.
The elephant tramples you!
* * * LOW HITPOINT WARNING * * *
You hold your ground!
You block the elephant's attack.
You hit the elephant. You freeze the elephant.
The elephant is almost dead.
The elephant tramples you!
You die...

#(..# #)...$... #...#
#........ ##(.###........
#####...).........
#.....(..#........
#...###............ #...
#....######## ... #.#.)####
.. #......@## #### .
.....#.#.5Y.########...
......%##............. .##
....................#####..
.....#..#....#.###.........
.....#....##.#.....>...>...
..#.....###.)##..........#
#.....####)##.........##
#..##(####(##....5.Y.†##


You could see an elephant and a friendly quasit.

Vanquished Creatures
  The ghost of Dickchan the Grappler, a novice DrTm of Dithmenos (D:7)
  Grinder (D:3)
  A hungry ghost (D:3)
  4 sky beasts
  2 orc warriors
  A centaur (D:6)
  A crocodile (D:8)
  2 big kobolds
  A giant frog (D:6)
  A scorpion (D:3)
  A killer bee (D:6)
  2 howler monkeys
  3 crimson imps
  A giant frog zombie (D:7)
  4 hounds
  2 jellies
  2 orc priests
  2 centaur skeletons
  3 orc wizards
  2 giant frog skeletons (D:6)
  An iron imp (D:8)
  Crazy Yiuf (D:2)
  An iguana (D:8)
  10 worker ants
  A killer bee zombie (D:6)
  A sheep (D:8)
  A hound skeleton (D:6)
  A worker ant zombie (D:7)
  Robin (D:3)
  4 adders
  5 shadow imps
  2 oozes
  An adder skeleton (D:4)
  4 dart slugs
  5 giant geckos
  20 orcs
  3 bats
  8 giant cockroaches
  14 goblins
  11 hobgoblins
  12 jackals
  A quokka (D:6)
  A ball python (D:4)
  A giant gecko zombie (D:5)
  8 giant newts
  13 kobolds
  5 rats
173 creatures vanquished.

Vanquished Creatures (collateral kills)
  A centaur zombie (D:6)
  A two-headed ogre (D:8)
  An ice beast (D:8)
  An ogre (D:8)
  A centaur (D:8)
  A giant frog (D:8)
  An iron imp (D:2)
  An orc wizard (D:4)
  Jessica (D:3)
  3 adders
  An adder skeleton (D:8)
  A jackal (D:3)
14 creatures vanquished.

Vanquished Creatures (others)
  An orc (D:7)
  2 quokkas
3 creatures vanquished.

Grand Total: 190 creatures vanquished

Notes
Turn   | Place    | Note
--------------------------------------------------------------
     0 | D:1      | Lul the Demonspawn Chaos Knight began the quest for the Orb.
     0 | D:1      | Reached XP level 1. HP: 18/18 MP: 1/1
   362 | D:1      | XOM: divination: detect creatures
   614 | D:1      | Gained mutation: You are partially covered in thin metallic scales (AC +2). [demonic ancestry]
   614 | D:1      | Reached XP level 2. HP: 24/24 MP: 2/2
   807 | D:1      | XOM: harmless Fire miscast
   830 | D:1      | XOM: god gift: 4 fruits
   988 | D:2      | Reached skill level 1 in Dodging
  1153 | D:2      | Gained mutation: A weak demonic guardian rushes to your aid. [demonic ancestry]
  1153 | D:2      | Reached XP level 3. HP: 25/29 MP: 3/3
  1220 | D:2      | XOM: divination: detect creatures
  1341 | D:2      | XOM: mild Erth miscast
  1518 | D:2      | Noticed Crazy Yiuf
  1537 | D:2      | HP: 1/30 [Crazy Yiuf/quarterstaff of chaos (12)]
  1845 | D:1      | XOM: mild Conj miscast
  2056 | D:2      | Found a burning altar of Makhleb.
  2069 | D:2      | Reached skill level 4 in Fighting
  2069 | D:2      | Reached XP level 4. HP: 37/37 MP: 4/4
  2181 | D:2      | XOM: silly message
  2200 | D:2      | Gained mutation: You are somewhat resistant to further mutation. [potion of beneficial mutation]
  2203 | D:2      | Killed Crazy Yiuf
  2318 | D:2      | XOM: divination: detect creatures
  2597 | D:3      | Reached XP level 5. HP: 42/42 MP: 5/5
  2621 | D:3      | Noticed Jessica
  2626 | D:3      | Killed Jessica
  2737 | D:3      | Noticed a hungry ghost
  2743 | D:3      | XOM: confuse monster(s)
  2748 | D:3      | XOM: confuse monster(s)
  2749 | D:3      | Killed a hungry ghost
  2761 | D:3      | Gained mutation: You are mostly covered in thin metallic scales (AC +3). [demonic ancestry]
  2761 | D:3      | Reached XP level 6. HP: 46/49 MP: 6/6
  2786 | D:3      | Noticed Grinder
  2793 | D:3      | Killed Grinder
  2793 | D:3      | Reached skill level 1 in Stealth
  2940 | D:3      | XOM: god gift: meat ration
  2980 | D:3      | Gained mutation: Your flesh is heat resistant. [demonic ancestry]
  2980 | D:3      | Reached XP level 7. HP: 31/55 MP: 7/7
  3275 | D:3      | Noticed Robin
  3296 | D:3      | Killed Robin
  3507 | D:3      | XOM: mild Erth miscast
  3628 | D:4      | Found Xyal's General Store.
  3642 | D:4      | XOM: 1-stop teleportation journey
  3668 | D:4      | XOM: divination: detect items
  3676 | D:4      | XOM: butterfly on damage
  3740 | D:4      | XOM: give mutations
  3740 | D:4      | Gained mutation: Scrolls take you a little longer to read. [Xom's mischief]
  3740 | D:4      | Gained mutation: Armour fits poorly on your strangely shaped body. [Xom's mischief]
  3740 | D:4      | Gained mutation: You are weak. (Str -2) [Xom's mischief]
  3909 | D:4      | XOM: summons 2 friendly demons
  4579 | D:4      | Found a staircase to the Ecumenical Temple.
  4810 | D:5      | Entered Level 5 of the Dungeon
  4867 | D:5      | Reached skill level 5 in Fighting
  5177 | D:5      | XOM: blink monster(s)
  5248 | D:5      | XOM: mild Ice miscast
  5306 | D:5      | XOM: colour smoke trail
  5344 | D:5      | XOM: enchant monster (good)
  5353 | D:5      | Gained mutation: You have sharp toenails. [demonic ancestry]
  5353 | D:5      | Reached XP level 8. HP: 35/62 MP: 8/8
  5638 | D:5      | XOM: confuse monster(s)
  5892 | D:5      | XOM: polymorph shadow imp -> crimson imp
  5920 | D:5      | Reached skill level 5 in Axes
  6124 | D:5      | XOM: give mutations
  6124 | D:5      | Gained mutation: You have a pair of small antennae on your head. [Xom's grace]
  6124 | D:5      | Gained mutation: You possess an exceptional clarity of mind. [Xom's grace]
  6124 | D:5      | Gained mutation: You have a pair of antennae on your head. [Xom's grace]
  6124 | D:5      | Gained mutation: Your mind is acute. (Int +2) [Xom's grace]
  6149 | D:5      | XOM: harmless Trmt miscast
  6330 | D:6      | XOM: mild Pois miscast
  6333 | D:6      | XOM: vitrification
  6431 | D:6      | XOM: 2-stop teleportation journey
  6447 | D:6      | XOM: smoke on damage
  6545 | D:6      | XOM: mild Divn miscast
  6732 | D:6      | Reached skill level 5 in Dodging
  6829 | D:6      | XOM: 1-stop teleportation journey
  7316 | D:6      | XOM: smoke on damage
  7385 | D:6      | XOM: god gift: bread ration
  7564 | D:6      | XOM: god gift: 690 gold pieces
  7613 | D:6      | Found an oddly glowing altar of Pakellas.
  7934 | D:6      | Gained mutation: You have razor-sharp toenails. [demonic ancestry]
  7934 | D:6      | Reached XP level 9. HP: 38/69 MP: 9/9
  7957 | D:6      | Gained mutation: Your mind is very acute. (Int +4) [mutagenic meat]
  7960 | D:6      | Lost mutation: You are weak. (Str -2) [mutagenic meat]
  8086 | D:7      | Noticed Dickchan's ghost (novice DrTm)
  8086 | D:7      | XOM: enchant monster (good)
  8103 | D:7      | XOM: potion effect (invisibility)
  8114 | D:7      | Killed Dickchan's ghost
  8114 | D:7      | Reached skill level 6 in Fighting
  8114 | D:7      | Reached skill level 5 in Stealth
  8437 | D:7      | XOM: vitrification
  8517 | D:7      | XOM: give mutation
  8517 | D:7      | Gained mutation: You can translocate small distances at will. [Xom's grace]
  8565 | D:7      | Found a snail-covered altar of Cheibriados.
  8669 | D:7      | XOM: god gift: 42 gold pieces
  8955 | D:7      | XOM: divination: magic mapping
  9028 | D:7      | XOM: divination: magic mapping
  9178 | D:8      | XOM: vitrification
  9178 | D:8      | Found Huadeodgh's Jewellery Emporium.
  9312 | D:8      | XOM: give mutation
  9312 | D:8      | Gained mutation: You have sharp fingernails. [Xom's grace]
  9552 | D:8      | Noticed an elephant
  9634 | D:8      | Reached skill level 7 in Fighting
  9682 | D:8      | Reached skill level 5 in Armour
  9714 | D:8      | HP: 3/72 [elephant (8)]
  9715 | D:8      | Mangled by an elephant

Skill      XL: |  1  2  3  4  5  6  7  8  9 |
---------------+----------------------------+-----
Axes           | 3 4 5 6 |  6.6
Dodging        | 1 2 3 4 5 6 |  6.8
Armour         | 2 3 4 5 |  5.0
Fighting       | 4 5 7 |  7.0
Stealth        | 1 2 4 5 |  5.9

Action                   |  1- 3 |  4- 6 |  7- 9 || total
-------------------------+-------+-------+-------++-------
Melee: Hand axe          |   106 |    85 |   671 ||   862
       Kick              |       |       |   125 ||   125
Evoke: Wand              |       |       |     1 ||     1
  Use: Scroll            |     7 |     1 |     6 ||    14
       Potion            |       |     6 |     8 ||    14
 Stab: Sleeping          |     1 |       |     3 ||     4
       Distracted        |     1 |       |       ||     1
       Confused          |       |     1 |     5 ||     6
       Paralysed         |       |       |    15 ||    15
       Petrified         |       |       |     5 ||     5
       Petrifying        |       |       |     2 ||     2
       Invisible         |       |       |     2 ||     2
  Eat: Chunk             |     4 |     5 |    20 ||    29
       Beef jerky        |       |       |     2 ||     2
       Pizza             |       |       |     1 ||     1
       Bread ration      |       |       |     1 ||     1
Armor: Leather armour    |    40 |    26 |   155 ||   221
       Plate armour      |       |       |     6 ||     6
       Ice dragon armour |       |       |    66 ||    66
       Ring mail         |       |       |     7 ||     7
Dodge: Dodged            |    50 |    52 |   334 ||   436
Block: Large shield      |       |       |    16 ||    16
